 Dungeon Crawl Stone Soup version 0.18-a0-1229-ge9a1a01 (webtiles) character file.

24 MrRokkomies the Bolt Thrower (level 3, -4/23 HPs)
             Began as a Gargoyle Hunter on Feb 4, 2016.
             Slain by Terence
             ... wielding a +2 mace of protection
              (6 damage)
             ... on level 2 of the Dungeon.
             The game lasted 00:02:00 (853 turns).

MrRokkomies the Bolt Thrower (Gargoyle Hunter)       Turns: 853, Time: 00:02:00

Health: -4/23      AC:  6    Str: 15    XL:     3   Next: 2%
Magic:  3/3        EV: 11    Int: 14    God:
Gold:   56         SH:  0    Dex: 11    Spells: 0 memorised, 2 levels left

rFire  . . .     SeeInvis .     a - +1 hand crossbow
rCold  . . .     Gourm    .     c - +0 leather armour
rNeg   + . .     Faith    .     (no shield)
rPois  ∞         Spirit   .     (no helmet)
rElec  +         Dismiss  .     (no cloak)
rCorr  .         Reflect  .     (no gloves)
SustAt .         Harm     .     (no boots)
MR     +....                    (no amulet)
Stlth  +.........               n - ring of protection from magic
                                g - +3 ring of intelligence

@: somewhat resistant to hostile enchantments, very unstealthy
A: negative energy resistance 1, electricity resistance, unbreathing,
petrification resistance, rot immunity, AC +3
a: no special abilities


You were on level 2 of the Dungeon.
You were not hungry.

You visited 1 branch of the dungeon, and saw 2 of its levels.

You collected 56 gold pieces.

Inventory:

Hand Weapons
 a - a +1 hand crossbow (weapon)
 b - a +0 short sword
Missiles
 d - a bolt (quivered)
Armour
 c - a +0 leather armour (worn)
Jewellery
 g - a +3 ring of intelligence (left hand)
 m - an uncursed ring of wizardry
 n - a ring of protection from magic (right hand)
Potions
 j - a potion of curing {unknown}
 k - a potion of brilliance {unknown}
Comestibles
 f - 2 bread rations
 i - a meat ration
 l - a slice of pizza


   Skills:
 * Level 3.0 Fighting
 * Level 4.4 Crossbows
 - Level 1.5 Dodging
 - Level 1.1 Stealth


You had 2 spell levels left.
You didn't know any spells.

Dungeon Overview and Level Annotations

Branches:
Dungeon (2/15)

Altars:
Xom

Annotations:
D:2 Terence


Innate Abilities, Weirdness & Mutations

You are resistant to torment.
Your stone body is resilient (AC +3).
You are immune to poison.
You resist negative energy.
You are resistant to electric shocks.
You can survive without breathing.
You are immune to petrification.
You are immune to rotting.


Message History

The bolt hits Terence but does no damage.
Terence is moderately wounded.
Terence hits you with a mace of protection.
* * * LOW HITPOINT WARNING * * *
Firing (i - inventory):
d - 3 bolts (quivered)
Press: ? - help, Shift-Dir - straight line, f/p - Terence
Aim: Terence, wielding a mace of protection and wearing a chain mail (moderately wounded)
You shoot a bolt.
The bolt hits Terence but does no damage.
Terence is moderately wounded.
Terence hits you but does no damage.
Firing (i - inventory):
d - 2 bolts (quivered)
Press: ? - help, Shift-Dir - straight line, f/p - Terence
Aim: Terence, wielding a mace of protection and wearing a chain mail (moderately wounded)
You shoot a bolt.
The bolt hits Terence but does no damage.
Terence is moderately wounded.
Terence hits you but does no damage.
Terence hits you with a mace of protection.
You die...

#######
#.....#
#.###.###
#.# #...#
######
...#####<#
###.#
#.....
(.....@@.#
#.# #.####
##########
#.####.#
#......#
########


You could see Terence.

Vanquished Creatures
  A gnoll (D:1)
  A giant gecko (D:1)
  3 bats (D:1)
  A giant cockroach (D:1)
  A goblin (D:1)
  2 hobgoblins (D:1)
  3 kobolds (D:1)
12 creatures vanquished.

Notes
Turn   | Place    | Note
--------------------------------------------------------------
     0 | D:1      | MrRokkomies the Gargoyle Hunter began the quest for the Orb.
     0 | D:1      | Reached XP level 1. HP: 12/12 MP: 1/1
    35 | D:1      | Reached XP level 2. HP: 6/18 MP: 2/2
   389 | D:1      | Found a shimmering altar of Xom.
   539 | D:1      | Reached XP level 3. HP: 15/22 MP: 3/3
   833 | D:2      | Noticed Terence
   853 | D:2      | Slain by Terence

Vault maps used:
D:1:      minmay_arrival_loop, xom_teletrap_fun
D:2:      old_standard_altar, nicolae_qazlal_style_of_elements, first_bread,
          minmay_item_behind_shaft, st_stairs_10, minmay_surrounded, uniq_iyjb,
          uniq_terence, uniq_sigmund

Action                   || total
-------------------------++-------
Melee: Short sword       ||    48
 Fire: Hand crossbow     ||    28
  Use: Scroll            ||     3
